Map: Sludge City

Players

Putin

  • Race: Protoss Protoss
  • Spawn Location: 5:00

walthergreis

  • Race: Terran Terran
  • Spawn Location: 11:00

STALIN

  • Race: Protoss Protoss
  • Spawn Location: 5:00

Gracz

  • Race: Terran Terran
  • Spawn Location: 9:00

VOD

Have the link to the VOD?

Description

Time

  • Played on: March 7, 2016, 9:41 a.m.
  • Length: 15:20
Show
View Real Time Build Order
Export as new Build Order

Putin Protoss 

Build Orders: Forge Fast Expand (FFE) 

Get SALT Encoding   

  12  0:01  Probe (Chrono Boost)  
  13  0:12  Probe (Chrono Boost)  
  14  0:23  Probe (Chrono Boost)  
  14  0:24  Pylon  
  15  0:35  Pylon  
  16  0:43  Probe (Chrono Boost)  
  16  0:56  Forge  
  16  0:58  Probe (Chrono Boost)  
  17  1:19  Nexus  
  17  1:26  Pylon  
  17  1:42  Pylon  
  17  1:44  Pylon  
  17  2:05  Photon Cannon  
  17  2:12  Photon Cannon  
  17  2:15  Photon Cannon  
  17  2:19  Photon Cannon  
  17  2:29  Photon Cannon  
  17  2:34  Probe (Chrono Boost)  
  18  2:45  Probe (Chrono Boost), Photon Cannon  
  19  2:57  Photon Cannon  
  19  3:13  Gateway  
  19  3:22  Assimilator, Probe (Chrono Boost)  
  20  3:28  Probe (Chrono Boost)  
  20  3:30  Assimilator  
  20  3:32  Probe (Chrono Boost)  
  22  3:37  Assimilator  
  22  3:38  Probe (Chrono Boost)  
  23  3:43  Assimilator, Probe (Chrono Boost)  
  24  3:49  Probe (Chrono Boost)  
  24  3:53  Probe (Chrono Boost)  
  26  4:04  Probe (Chrono Boost)  
  26  4:06  Pylon  
  27  4:14  Probe (Chrono Boost)  
  28  4:21  Cybernetics Core  
  28  4:25  Probe (Chrono Boost)  
  28  4:28  Probe (Chrono Boost)  
  30  4:36  Probe (Chrono Boost)  
  31  4:38  Probe (Chrono Boost)  
  32  4:46  Probe (Chrono Boost)  
  32  4:47  Gateway  
  32  4:49  Probe (Chrono Boost)  
  32  4:50  Gateway  
  34  4:53  Gateway  
  35  5:00  Probe (Chrono Boost)  
  35  5:05  Protoss Ground Weapons Level 1  
  35  5:10  Probe (Chrono Boost)  
  35  5:12  Pylon  
  37  5:21  Probe (Chrono Boost)  
  37  5:27  Stalker  
  39  5:31  Probe (Chrono Boost)  
  40  5:42  Stalker x3, Probe (Chrono Boost)  
  47  5:53  Probe (Chrono Boost)  
  48  5:57  Pylon, Stalker  
  48  6:01  Pylon  
  50  6:12  Stalker x3  
  56  6:27  Stalker  
  58  6:38  Gateway  
  58  6:39  Gateway  
  58  6:41  Stalker  
  58  6:42  Stalker  
  60  6:59  Protoss Ground Armor Level 1  
  60  7:21  Stalker x3  
  60  7:22  Stalker  
  68  7:51  Stalker x3  
  68  7:52  Stalker  
  72  8:21  Stalker x3  
  76  8:53  Protoss Shields Level 1  
  74  9:12  Stalker x4  
  74  9:13  Stalker x2  
  84  9:22  Pylon  
  84  9:24  Pylon  
  84  9:26  Pylon  
  84  9:27  Pylon  
  84  9:29  Pylon  
  84  9:31  Pylon  
  84  9:42  Stalker x4  
  84  9:43  Stalker x2  
  78  10:12  Stalker x2  
  70  11:01  Stalker x6  
  80  11:18  Twilight Council  
  80  11:24  Pylon  
  80  11:25  Pylon  
  80  11:27  Pylon  
  80  11:28  Pylon  
  80  11:30  Pylon  
  80  11:31  Stalker x6  
  92  11:35  Nexus  
  92  11:37  Assimilator  
  92  11:40  Assimilator  
  92  12:01  Stalker x6  
  98  12:07  Protoss Ground Weapons Level 2  
  104  12:30  Stalker  
  104  12:31  Stalker x5  
  116  13:00  Stalker  
  116  13:01  Stalker x5  
  110  14:08  Stalker x4  
  110  14:09  Stalker x2  
  122  14:38  Stalker x4  
  124  14:39  Stalker x2  
Show
View Real Time Build Order
Export as new Build Order

walthergreis Terran 

Build Orders: Mech 

Get SALT Encoding   

  12  0:01  SCV  
  13  0:13  SCV  
  14  0:22  Supply Depot  
  14  0:25  SCV  
  15  0:47  SCV  
  15  0:48  Refinery  
  16  1:02  SCV  
  17  1:11  Barracks  
  17  1:12  Barracks  
  17  1:14  SCV  
  18  1:26  SCV  
  19  1:38  Refinery  
  19  1:39  SCV  
  20  1:41  Supply Depot  
  20  1:51  SCV  
  21  2:05  Marine x2  
  21  2:07  Factory  
  23  2:11  Bunker  
  23  2:31  Factory  
  23  2:33  SCV  
  24  2:45  Marine x2, SCV  
  27  2:51  Factory Tech Lab  
  27  3:10  Supply Depot  
  27  3:11  Siege Tank  
  30  3:14  Factory Tech Lab  
  30  3:16  SCV  
  31  3:32  Marine  
  33  3:36  Siege Tank  
  35  3:50  Marine  
  35  3:51  Siege Tank  
  39  4:20  Engineering Bay  
  39  4:51  Refinery  
  39  4:52  Refinery  
  39  5:35  Planetary Fortress  
  39  5:43  Barracks  
  39  5:50  Supply Depot  
  39  6:05  Factory Tech Lab  
  39  6:12  Siege Tank  
  39  6:13  Supply Depot  
  42  6:26  Siege Tank  
  42  6:29  Marine  
  46  6:33  Command Center  
  46  6:47  Marine  
  29  7:02  Refinery  
  29  7:06  Refinery  
  24  7:35  Factory  
  24  7:37  Factory  
  24  7:43  Barracks  
  24  7:45  Barracks  
  24  8:01  Planetary Fortress  
  24  8:21  Factory Reactor  
  24  8:22  Widow Mine  
  24  8:23  Widow Mine  
  24  8:24  Barracks Reactor  
  26  8:36  Factory Reactor  
  26  8:41  SCV  
  23  8:47  Marine  
  24  8:48  Marine  
  24  8:51  Widow Mine  
  24  8:52  Widow Mine  
  24  8:53  SCV  
  30  9:00  SCV  
  31  9:05  Marine, SCV  
  31  9:06  Marine  
  34  9:12  SCV  
  35  9:17  SCV  
  35  9:20  Marine  
  35  9:21  Marine  
  35  9:22  Widow Mine x3  
  35  9:23  Marine, Widow Mine  
  47  9:24  Marine, SCV  
  49  9:35  Bunker  
  49  9:38  Marine  
  35  10:40  Marine x4  
  39  10:43  Widow Mine x2  
  41  10:58  Marine x4, SCV  
  46  11:21  Bunker  
  46  11:24  Bunker  
  46  11:44  Supply Depot  
  46  12:05  Widow Mine  
  46  12:06  Marine x4, SCV x2  
  54  12:30  Supply Depot  
  54  12:35  Supply Depot  
  54  12:37  Missile Turret  
  54  12:43  Missile Turret  
  54  12:51  Marine, Widow Mine x2  
  54  12:52  SCV x2  
  61  13:03  Missile Turret  
  61  13:04  SCV x2  
  44  13:38  Missile Turret  
  21  14:09  Factory Tech Lab x2  
  17  14:12  Barracks Reactor  
  17  14:13  Barracks Reactor  
  12  14:25  Widow Mine x2  
  12  14:28  Siege Tank x2  
Show
View Real Time Build Order
Export as new Build Order

STALIN Protoss 

Build Orders: Nexus First 

Get SALT Encoding   

  12  0:02  Probe (Chrono Boost)  
  13  0:12  Probe (Chrono Boost)  
  14  0:20  Pylon  
  14  0:23  Probe (Chrono Boost)  
  15  0:38  Probe (Chrono Boost)  
  16  0:48  Probe (Chrono Boost)  
  17  0:59  Probe (Chrono Boost)  
  18  1:05  Nexus  
  18  1:13  Probe (Chrono Boost)  
  18  1:18  Forge  
  19  1:29  Gateway  
  19  1:44  Pylon  
  19  1:47  Pylon  
  19  1:51  Probe (Chrono Boost)  
  20  2:02  Probe (Chrono Boost), Photon Cannon  
  21  2:09  Photon Cannon  
  21  2:17  Pylon  
  21  2:21  Probe (Chrono Boost)  
  22  2:28  Probe (Chrono Boost)  
  23  2:32  Probe (Chrono Boost)  
  24  2:46  Pylon  
  24  2:57  Pylon  
  24  3:03  Pylon  
  24  3:11  Photon Cannon  
  24  3:17  Photon Cannon  
  24  3:23  Photon Cannon  
  24  3:28  Photon Cannon  
  24  3:31  Photon Cannon  
  24  3:39  Photon Cannon  
  24  3:42  Pylon  
  24  3:56  Pylon  
  24  4:02  Photon Cannon  
  24  4:05  Photon Cannon  
  24  4:11  Pylon  
  24  4:17  Zealot  
  24  4:19  Pylon  
  26  4:44  Zealot  
  27  4:58  Pylon  
  27  5:00  Nexus  
  27  5:04  Gateway  
  27  5:07  Pylon  
  27  5:11  Zealot  
  27  5:12  Gateway  
  29  5:20  Pylon  
  29  5:24  Probe (Chrono Boost)  
  29  5:27  Assimilator  
  30  5:32  Assimilator  
  30  5:34  Probe (Chrono Boost)  
  31  5:37  Gateway  
  31  5:38  Zealot  
  31  5:40  Cybernetics Core  
  33  5:44  Gateway  
  33  5:45  Probe (Chrono Boost)  
  33  5:46  Gateway  
  34  5:55  Probe (Chrono Boost), Zealot  
  37  6:06  Probe (Chrono Boost), Zealot  
  37  6:07  Probe (Chrono Boost)  
  41  6:11  Zealot  
  41  6:16  Probe (Chrono Boost)  
  41  6:18  Probe (Chrono Boost)  
  45  6:22  Zealot  
  47  6:27  Probe (Chrono Boost)  
  47  6:30  Twilight Council  
  47  6:32  Zealot x2  
  52  6:33  Zealot  
  52  6:37  Probe (Chrono Boost)  
  52  6:39  Probe (Chrono Boost)  
  56  6:42  Zealot  
  58  6:50  Probe (Chrono Boost)  
  55  7:01  Probe (Chrono Boost)  
  56  7:04  Zealot x2  
  56  7:05  Zealot x2  
  64  7:11  Probe (Chrono Boost)  
  65  7:22  Probe (Chrono Boost)  
  66  7:32  Probe (Chrono Boost), Zealot x2  
  66  7:33  Zealot x4  
  79  7:39  Dark Shrine  
  79  7:43  Probe (Chrono Boost)  
  80  7:49  Charge  
  80  7:53  Probe (Chrono Boost)  
  80  7:55  Assimilator  
  80  7:57  Assimilator, Probe (Chrono Boost)  
  82  7:59  Zealot  
  82  8:02  Assimilator  
  82  8:04  Probe (Chrono Boost)  
  85  8:17  Zealot  
  85  8:19  Zealot  
  85  8:23  Probe x2 (Chrono Boost)  
  81  8:28  Stalker  
  81  8:29  Stalker  
  85  8:35  Pylon  
  85  8:37  Pylon  
  85  8:40  Pylon  
  85  8:46  Pylon  
  85  8:53  Stalker x2, Probe x2 (Chrono Boost)  
  91  8:57  Pylon, Dark Templar x2  
  91  8:59  Dark Templar  
  91  9:00  Pylon  
  97  9:04  Probe (Chrono Boost)  
  98  9:12  Assimilator  
  98  9:14  Dark Templar, Probe (Chrono Boost)  
  101  9:20  Pylon  
  101  9:23  Dark Templar  
  103  9:25  Pylon, Probe (Chrono Boost)  
  103  9:30  Dark Templar  
  106  9:35  Probe (Chrono Boost)  
  106  9:36  Stalker  
  103  9:46  Probe (Chrono Boost)  
  100  10:28  Stalker x3, Dark Templar x2  
  82  10:29  Stalker  
  82  10:33  Robotics Facility  
  82  10:36  Robotics Facility  
  82  10:40  Probe (Chrono Boost)  
  83  10:50  Probe (Chrono Boost)  
  83  10:55  Nexus  
  84  10:58  Zealot x2  
  84  10:59  Dark Templar x2, Gateway  
  84  11:01  Gateway  
  84  11:04  Gateway  
  92  11:06  Protoss Ground Weapons Level 1 (Chrono Boost), Gateway  
  92  11:07  Stalker x2  
  96  11:14  Forge  
  96  11:22  Assimilator  
  96  11:25  Stalker x2  
  96  11:26  Assimilator  
  96  11:30  Observer  
  96  11:31  Observer  
  102  11:37  Pylon, Stalker x2  
  102  11:39  Pylon  
  106  11:52  Observer x2  
  106  11:53  Pylon  
  108  11:59  Dark Templar  
  108  12:00  Stalker x3, Dark Templar  
  118  12:12  Stalker x4  
  126  12:17  Protoss Ground Armor Level 1 (Chrono Boost)  
  126  12:26  Dark Templar  
  128  12:30  Dark Templar  
  130  12:37  Stalker  
  130  12:38  Stalker  
  110  13:26  Stalker x3  
  98  13:27  Dark Templar x3  
  98  13:28  Dark Templar  
  104  13:39  Stalker x3  
  110  13:56  Dark Templar x2  
  110  13:57  Dark Templar  
  116  14:06  Stalker, Dark Templar x2  
  116  14:07  Stalker  
  116  14:09  Stalker  
  124  14:10  Stalker  
  122  14:38  Stalker x5  
Show
View Real Time Build Order
Export as new Build Order

Gracz Terran 

Build Orders:  

Get SALT Encoding   

  12  0:02  SCV  
  14  0:14  SCV  
  14  0:27  Supply Depot  
  14  0:55  Barracks  
  14  1:29  Barracks  
  14  1:30  SCV  
  14  1:31  Refinery  
  15  1:42  SCV  
  16  1:56  Orbital Command  
  16  2:24  Refinery  
  16  2:28  Barracks  
  16  2:33  Barracks  
  16  2:34  Barracks Reactor  
  16  2:56  Barracks Reactor  
  16  2:58  Command Center  
  17  3:05  SCV  
  17  3:17  SCV  
  18  3:29  SCV  
  18  3:34  Barracks Reactor x2, Supply Depot  
  19  3:45  Marine  
  19  3:48  Marine x2  
  21  3:50  Marine  
  23  4:49  Marine x2  
  23  4:50  Marine x4  
  23  4:51  Marine x2  
  31  4:54  Orbital Command  
  21  6:18  Refinery  
  20  6:20  SCV  
  21  6:27  Factory  
  21  6:28  Marine x2  
  21  6:29  Marine x6  
  21  6:32  SCV  
  30  6:35  SCV  
  31  6:44  SCV  
  31  6:46  Marine x4  
  31  6:47  Marine x4, SCV  
  41  6:56  SCV  
  41  6:59  SCV  
  43  7:04  Marine x3  
  46  7:11  Factory  
  46  7:12  Engineering Bay  
  46  7:14  Engineering Bay  
  46  7:23  Armory  
  46  7:24  Armory  
  46  7:32  Supply Depot  
  46  7:41  Marine  
  46  7:42  SCV  
  46  7:44  Marine  
  46  7:45  Marine  
  46  7:46  Marine  
  46  7:47  Marine  
  46  7:50  Marine  
  46  7:54  Marine x2, SCV  
  46  7:55  SCV  
  50  8:00  Marine  
  50  8:01  Marine  
  50  8:02  Marine  
  50  8:03  Marine  
  54  8:09  SCV  
  54  8:10  Marine  
  54  8:12  SCV  
  41  8:24  SCV  
  36  8:33  Marine x3  
  39  8:36  Factory Tech Lab  
  39  8:37  Factory Tech Lab  
  39  8:47  Starport  
  39  8:48  Starport  
  28  9:17  Marine x4  
  30  9:35  Marine x7  
  35  9:50  Orbital Command  
  33  9:52  Marine  
  31  10:19  Building Armor  
  31  10:20  Terran Infantry Weapons Level 1  
  31  10:21  Terran Vehicle And Ship Armor Level 1, Terran Ship Weapons Level 1  
  31  10:22  Starport Tech Lab x2  
  31  10:26  Marine x5, Starport  
  31  10:27  Siege Tank x2  
  42  10:34  Fusion Core  
  42  10:40  Barracks  
  42  11:09  Orbital Command  
  42  11:23  Starport Tech Lab  
  42  11:28  Refinery  
  42  11:30  Refinery  
  42  11:37  Sensor Tower  
  42  11:44  SCV x2  
  44  11:56  SCV  
  44  11:58  Barracks  
  44  12:00  Barracks Tech Lab  
  45  12:06  Supply Depot  
  45  12:08  SCV  
  46  12:11  SCV  
  47  12:20  SCV  
  47  12:21  Battlecruiser  
  54  12:27  Battlecruiser, SCV  
  61  12:30  Supply Depot  
  61  12:32  SCV  
  62  12:46  Supply Depot  
  62  12:51  SCV x2  
  64  13:03  SCV  
  46  13:46  Siege Tank  
  46  13:47  Factory Tech Lab  
  49  13:51  Marine x6  
  49  13:52  Marine x2  
  57  14:24  Supply Depot  
  55  14:31  Orbital Command  
  50  14:45  Barracks Tech Lab  
  38  14:53  Marine x2  
  38  14:54  Marine x2  
  38  14:55  Marine x2  
Tags
 
Add a new tag
Caveats
  • Supply blocks, unpowered buildings, or Contaminate may cause inaccurate times.
  • Supply counts are checked every 10 seconds.